 Dungeon Crawl Stone Soup version 0.26.1-11-gd32895ea62 (webtiles) character file.

Game seed: 11333092737739510930

54 Phaedo the Grasshopper (level 3, -4/32 HPs)
             Began as a Palentonga Warper on Apr 14, 2021.
             Slain by an orc
             ... wielding a +0 flail
              (8 damage)
             ... on level 3 of the Dungeon.
             The game lasted 00:06:06 (2169 turns).

Phaedo the Grasshopper (Palentonga Warper)          Turns: 2169, Time: 00:06:07

Health: -4/32      AC:  5    Str: 14    XL:     3   Next: 66%
Magic:  6/6        EV:  8    Int: 14    God:
Gold:   100        SH:  0    Dex:  9    Spells: 4/6 levels left

rFire    . . .     SeeInvis +   m - +0 short sword (elec)
rCold    . . .     Faith    .   (no shield)
rNeg     . . .     Spirit   .   f - +0 ring mail
rPois    .         Reflect  .   (no helmet)
rElec    .         Harm     .   (no cloak)
rCorr    .         Rampage  .   (no gloves)
Will     .....                  (no barding)
Stlth    ..........             (no amulet)
HPRegen  0.10/turn              (no ring)
MPRegen  0.10/turn              (no ring)

@: no status effects
A: large, rugged brown scales 3, see invisible, deformed body, roll 1, armoured
tail
a: Rolling Charge


You were on level 3 of the Dungeon.
You visited 1 branch of the dungeon, and saw 3 of its levels.

You collected 100 gold pieces.

Inventory:

Hand Weapons
 a - a +0 mace
 m - a +0 short sword of electrocution (weapon)
Missiles
 c - 45 stones (quivered)
 e - 5 boomerangs of dispersal
Armour
 b - a +0 leather armour
 f - a +0 ring mail (worn)
Jewellery
 j - an uncursed ring of stealth {unknown}
 n - an uncursed ring of poison resistance {unknown}
Scrolls
 d - a scroll of blinking
 g - 2 scrolls of identify {unknown}
 i - a scroll of remove curse {unknown}
 k - a scroll of fog {unknown}
 l - a scroll of teleportation {unknown}
Potions
 h - 3 potions of heal wounds {unknown}
 o - a potion of curing {unknown}
 p - a potion of attraction {unknown}


   Skills:
 * Level 2.6 Fighting
 - Level 2.9 Maces & Flails
 - Level 0.6 Throwing
 - Level 0.7 Armour
 + Level 2.0 Dodging
 - Level 2.0 Spellcasting
 + Level 3.3 Translocations


You had 4 spell levels left.
You knew the following spells:

 Your Spells              Type           Power        Failure   Level
a - Blink                 Tloc           N/A          19%         2

Your spell library contained the following spells:

 Spells                   Type           Power        Failure   Level
 Gell's Gravitas          Tloc           5%           36%         3
 Lesser Beckoning         Tloc           5%           36%         3
 Teleport Other           Tloc           10%          36%         3
 Passage of Golubria      Tloc           N/A          77%         4


Dungeon Overview and Level Annotations

Branches:
Dungeon (3/15)

Altars:


Innate Abilities, Weirdness & Mutations

You are completely covered in rugged brown scales. (AC +3, +7% HP)
You have supernaturally acute eyesight. (SInv)
Armour fits poorly on your strangely shaped body.
You can roll at nearby foes to attack.
You have a long armoured tail.


Message History

Okay, then.
The jackal bites you but does no damage.
The jackal bites you but does no damage.
There is a stone staircase leading down here.
The jackal barely misses you. The jackal bites you.
* * * LOW HITPOINT WARNING * * *
You climb downwards.
An orc comes into view. It is wielding a +0 flail.
The orc shouts!
Found a stone staircase leading down.
There is a stone staircase leading up here.
You closely miss the orc. The jackal bites you.
* * * LOW HITPOINT WARNING * * *
The orc closely misses you.
You closely miss the orc.
The jackal bites you but does no damage.
The jackal bites you.
* * * LOW HITPOINT WARNING * * *
The orc hits you with a +0 flail!
You die... # #. .. # .##.#.####..# ......h@o..# .##.#.###### #

You could see an orc and a jackal.

Vanquished Creatures
  An adder (D:2)
  An ooze (D:1)
  2 dart slugs (D:1)
  3 giant cockroaches
  4 goblins
  4 hobgoblins (D:1)
  4 jackals
  2 bats
  3 frilled lizards
  10 kobolds
  5 rats
39 creatures vanquished.

Notes
Turn   | Place    | Note
-------+----------+-------------------------------------------
     0 | D:1      | Phaedo the Palentonga Warper began the quest for the Orb.
     0 | D:1      | Reached XP level 1. HP: 18/18 MP: 3/3
   176 | D:1      | Reached XP level 2. HP: 25/25 MP: 5/5
  1146 | D:1      | Reached XP level 3. HP: 25/32 MP: 6/6
  1149 | D:1      | Learned a level 2 spell: Blink
  2152 | D:2      | Noticed a centaur
  2169 | D:3      | Slain by an orc

Illustrated notes

Levels and vault maps discovered:
D:1:      mrwooster_arrival_arrow, layout_basic
D:2:      layout_basic, nicolae_overflow_hidden_temple
D:3:      layout_loops_ring, grunt_temple_overflow_forces_of_nature,
          kennysheep_generic_room_7

Skill      XL: |  1  2 |
---------------+-------+-----
Dodging        | 2 |  2.0
Fighting       | |  2.6
Maces & Flails | |  2.9
Throwing       | |  0.6
Armour         | |  0.7
Spellcasting   | |  2.0
Translocations | |  3.3

Action                   || total
-------------------------++-------
Melee: Mace              ||   127
       Tailslap          ||    10
       Short sword       ||    20
Throw: Stone             ||    12
 Abil: Rolling Charge    ||    20
Armor: Ring mail         ||    99
Dodge: Dodged            ||    91
